 Dungeon Crawl Stone Soup version 0.28-a0-556-gab23d0e057 (webtiles) character file.

Game seed: 14209792382350547145

315 robertstho the Magician (level 6, -1/42 HPs)
             Began as a Djinni Fire Elementalist on Sept 28, 2021.
             Slain by a centaur (9 damage)
             ... on level 3 of the Dungeon.
             The game lasted 00:03:56 (4228 turns).

robertstho the Magician (Djinni Fire Elementalist)  Turns: 4228, Time: 00:03:57

Health: -1/42      AC:  2    Str:  7    XL:     6   Next: 72%
Gold:   69         EV: 13    Int: 18    God:
                   SH:  0    Dex: 14

rFire   + + .      SeeInvis .   h - +0 short sword (freeze)
rCold   x . .      Faith    .   (no shield)
rNeg    . . .      Spirit   .   a - +0 robe
rPois   ∞          Reflect  .   (no helmet)
rElec   .          Harm     .   (no cloak)
rCorr   .          Rampage  .   (no gloves)
Will    .....                   (boots unavailable)
Stlth   ++........              (no amulet)
HPRegen 0.14/turn               (no ring)
MPRegen 0.00/turn               (no ring)

@: flying, very slightly contaminated
A: sickness immunity, fire resistance 2, cold vulnerability 1, float, innate
caster, hp casting, extra vitality 1
a: no special abilities


You were on level 3 of the Dungeon.
You visited 1 branch of the dungeon, and saw 3 of its levels.

You collected 69 gold pieces.

Inventory:

Hand Weapons
 c - a +0 dagger
 h - a +0 short sword of freezing (weapon)
Armour
 a - a +0 robe (worn)
Scrolls
 g - a scroll of fear {unknown}
Potions
 b - a potion of resistance {unknown}
 e - a potion of might {unknown}
 f - a potion of brilliance {unknown}
 i - a potion of degeneration {unknown}


   Skills:
 * Level 1.4 Fighting
 + Level 2.9 Dodging
 + Level 1.8 Stealth
 * Level 4.9 Spellcasting


You couldn't memorise any spells.
You knew the following spells:

 Your Spells              Type           Power      Damage    Failure   Level
a - Foxfire               Conj/Fire      88%        2x1d8     1%          1
b - Scorch                Fire           44%        2d7       2%          2
c - Conjure Flame         Conj/Fire      22%        6-21      5%          3
d - Inner Flame           Hex/Fire       22%        N/A       5%          3
e - Flame Wave            Conj/Fire      22%        3d6       17%         4
f - Apportation           Tloc           44%        N/A       1%          1
g - Blink                 Tloc           N/A        N/A       2%          2
Your spell library was empty.

Dungeon Overview and Level Annotations

Branches:
Dungeon (3/15)

Altars:


Innate Abilities, Weirdness & Mutations

You are immune to sickness and miasma.
You are immune to poison.
Your flesh is very heat resistant. (rF++)
You are vulnerable to cold. (rC-)
You float through the air rather than walking.
You learn spells naturally, not from books.
Your magical power is your life essence.
You have superior vitality. (+4 HP)


Message History

There are monsters nearby!
There are monsters nearby!
The orc shouts!
The orc throws a boomerang.
The boomerang barely misses you.
A ball python comes into view.
The centaur shouts!
The centaur shoots an arrow.
The arrow hits you.
The centaur shoots an arrow.
The arrow hits you!
The orc throws a boomerang.
The boomerang barely misses you.
The centaur shoots an arrow.
The arrow barely misses you.
You hear an angry hiss.
The centaur shoots an arrow.
The arrow closely misses you.
You see here a +0 leather armour.
Things that are here:
3 boomerangs; a +0 hand axe You start resting.
A centaur is nearby!
Casting: Scorch (safe; 2% risk of failure)
Confirm with . or Enter, or press ? or * to list all spells.
Flames lash the centaur.
The centaur is moderately wounded.
The centaur's fire resistance burns away.
Casting: Scorch (safe; 2% risk of failure)
Confirm with . or Enter, or press ? or * to list all spells.
Flames lash the centaur.
The centaur is burned terribly!
The centaur is heavily wounded.
The centaur unwields a +0 shortbow.
The centaur wields a +0 mace.
The centaur hits you with a +0 mace! The centaur barely misses you.
The centaur hits you with a +0 mace!
* * * LOW HITPOINT WARNING * * *
The centaur kicks you.
* * * LOW HITPOINT WARNING * * *
Casting: Scorch (safe; 2% risk of failure)
Confirm with . or Enter, or press ? or * to list all spells.
You miscast Scorch.
You are very lightly contaminated with residual magic.
Nothing appears to happen.
* * * LOW HITPOINT WARNING * * *
The centaur hits you with a +0 mace!
You die...

################
.........@c....#
#.######.###o##.# #
#......<.###.##.###########
#.#.#########...#............
#.....#####.[.#......########
#....Sc..o..#...###...####
#.........c..###.........#
#.S...#######.#.###...##.####
#.... ##...............


You could see a centaur (combustible) and an orc.

Vanquished Creatures
  Grinder (D:3)
  Jessica (D:2)
  An iguana (D:3)
  2 adders (D:2)
  A worm (D:2)
  A dart slug (D:1)
  3 orcs (D:3)
  5 endoplasms
  2 giant cockroaches
  3 hobgoblins
  4 jackals (D:2)
  4 kobolds
  A quokka (D:2)
  10 ball pythons
  3 bats
  4 frilled lizards
  3 goblins
  4 rats (D:1)
53 creatures vanquished.

Vanquished Creatures (others)
  129 foxfires
129 creatures vanquished.

Grand Total: 182 creatures vanquished

Notes
Turn   | Place    | Note
-------+----------+-------------------------------------------
     0 | D:1      | robertstho the Djinni Fire Elementalist began the quest for
                  | the Orb.
     0 | D:1      | Reached XP level 1. HP: 15/15 MP: 0/0
   485 | D:1      | Reached XP level 2. HP: 19/21 MP: 0/0
   981 | D:1      | Reached skill level 3 in Spellcasting
  1045 | D:1      | Reached XP level 3. HP: 23/25 MP: 0/0
  1045 | D:1      | Learned a level 1 spell: Apportation
  1518 | D:1      | Found a faded altar of an unknown god.
  1895 | D:2      | Noticed Jessica
  1909 | D:2      | Killed Jessica
  1910 | D:2      | Reached XP level 4. HP: 21/31 MP: 0/0
  2892 | D:3      | Noticed Grinder
  3081 | D:3      | Noticed a centaur
  3084 | D:3      | Reached XP level 5. HP: 5/36 MP: 0/0
  3084 | D:3      | Learned a level 2 spell: Blink
  3086 | D:3      | HP: 1/36 [centaur/arrow (1)]
  3950 | D:3      | Killed Grinder
  3951 | D:3      | Reached skill level 1 in Fighting
  3951 | D:3      | Reached skill level 4 in Spellcasting
  3951 | D:3      | Reached XP level 6. HP: 33/42 MP: 0/0
  4228 | D:3      | Slain by a centaur

Illustrated notes

Levels and vault maps discovered:
D:1:      wander_arrival_lonely_grave, layout_loops_cross,
          shapermc_ecumenical_altar_petra
D:2:      layout_loops_ring, uniq_jessica
D:3:      layout_loops_ring, roderic_lattice_a, minmay_ogre_servants,
          uniq_grinder, uniq_robin

Skill      XL: |  1  2  3  4  5 |
---------------+----------------+-----
Spellcasting   | 3 4 |  4.9
Fighting       | 1 |  1.4
Dodging        | |  2.9
Stealth        | |  1.8

Action                   |  1- 3 |  4- 6 || total
-------------------------+-------+-------++-------
Melee: Unarmed           |     1 |       ||     1
       Short sword       |       |    12 ||    12
       Dagger            |       |     1 ||     1
 Cast: Foxfire           |    79 |     3 ||    82
       Scorch            |       |    36 ||    36
  Use: Scroll            |       |     1 ||     1
Armor: Robe              |     3 |     4 ||     7
Dodge: Dodged            |    17 |    25 ||    42

Table legend: (Time is in decaauts)
 A = Elapsed time spent in this place.
 B = Non-inter-level travel time spent in this place.
 C = Inter-level travel time spent in this place.
 D = Time resting spent in this place.
 E = Time spent auto-exploring this place.
 F = Levels seen in this place.
 G = Mean time per level.
                   A        B        C        D        E       F      G
               +--------+--------+--------+--------+--------+-----+--------+
         Total |   4232 |   4022 |    210 |    867 |   2804 |   3 | 1410.7 |
       Dungeon |   4232 |   4022 |    210 |    867 |   2804 |   3 | 1410.7 |
               +--------+--------+--------+--------+--------+-----+--------+

Top non-repeatable levels by time:
     D:2: 2338 daAuts
     D:1: 1566 daAuts
     D:3: 328 daAuts
